 Dungeon Crawl Stone Soup version 0.31-a0-1522-g43313d8a59 (webtiles) character file.

Game seed: 7387016917741253780

42 freelancePsychic the Ruffian (level 3, -1/28 HPs)
             Began as a Djinni Shapeshifter on Dec 31, 2023.
             Slain by a gnoll
             ... wielding a +0 spear
              (6 damage)
             ... on level 2 of the Dungeon.
             The game lasted 00:01:40 (812 turns).

freelancePsychic the Ruffian (Djinni Shapeshifter)   Turns: 812, Time: 00:01:41

Health: -1/28      AC:  5    Str: 13    XL:     3   Next: 80%
Gold:   49         EV:  7    Int: 13    God:
                   SH:  0    Dex: 12

rFire   + + .        n - +0 whip (venom)
rCold   x . .        (no shield)
rNeg    . . .        h - +0 ring mail
rPois   ∞            (helmet currently unavailable)
rElec   .            (cloak currently unavailable)
rCorr   .            (gloves currently unavailable)
SInv    .            (boots unavailable)
Will    .....        (no amulet)
Stlth   +            i - ring of wizardry
HPRegen 0.24/turn    (no ring)
MPRegen 0.00/turn

%: wizardry (x1), infuse magic (-2 HP)
@: beast-form, flying, constricted
A: beast (slay +1), flying, sickness immunity, fire resistance 2, cold
vulnerability 1, float, innate caster, HP casting, extra vitality 1
a: Begin Untransformation


You were on level 2 of the Dungeon.
You were a hulking beast.
You visited 1 branch of the dungeon, and saw 2 of its levels.

You collected 49 gold pieces.

Inventory:

Hand Weapons
 n - a +0 whip of venom (weapon)
Missiles
 g - a throwing net (quivered)
Armour
 a - a +0 animal skin
 h - a +0 ring mail (worn)
Jewellery
 i - a ring of wizardry (left hand)
Talismans
 c - a beast talisman
 d - a flux talisman
Scrolls
 j - a scroll of revelation {unknown}
 k - a scroll of blinking {unknown}
 l - a scroll of acquirement {unknown}
Potions
 b - a potion of lignification
 e - 2 potions of cancellation
 f - a potion of enlightenment {unknown}
 m - a potion of degeneration {unknown}


   Skills:
 + Level 1.8 Fighting
 - Level 2.1 Dodging
 * Level 3.8 Unarmed Combat
 + Level 3.0 Shapeshifting


You knew the following spells:

 Your Spells              Type           Power      Damage    Failure   Level
a - Shock                 Conj/Air       0%         1d3       26%         1
Your spell library was empty.

Dungeon Overview and Level Annotations

Branches:
Dungeon (2/15)

Altars:


Innate Abilities, Weirdness & Mutations

You are a hulking beast.
Your limbs bulge with bestial killing power. (Slay +1)
You are flying.
You are immune to sickness and miasma.
You are immune to poison.
Your flesh is very heat resistant. (rF++)
You are vulnerable to cold. (rC-)
You float through the air rather than walking.
You learn spells naturally, not from books.
Your magical power is your life essence.
You have superior vitality. (+4 MHP)


Message History

You hit the hobgoblin.
You kill the hobgoblin!
Found a quarterstaff.
The quokka barely misses you.
You see here a hobgoblin corpse.
You hit the quokka.
You kill the quokka!
No target in view!
You see here a quokka corpse.
Found a flux talisman.
A gnoll comes into view. It is wielding a +0 spear.
The gnoll shouts!
You hear a loud squeak.
A ball python comes into view.
The ball python hisses angrily.
The gnoll hits you with a +0 spear.
The ball python moves out of view.
You barely miss the gnoll.
A rat comes into view.
The gnoll hits you with a +0 spear.
You barely miss the gnoll.
The gnoll shouts!
You hear a loud squeak.
The gnoll throws a throwing net.
The throwing net hits you.
You become entangled in the net!
You struggle against the net.
The gnoll hits you from afar with a +0 spear.
The gnoll hits you with a +0 spear.
You struggle against the net.
The gnoll hits you with a +0 spear.
The gnoll hits you from afar with a +0 spear.
The gnoll hits you with a +0 whip.
You shred the net and break free!
The ball python bites you but does no damage.
The ball python grabs you. The ball python constricts you.
The gnoll hits you from afar with a +0 spear.
* * * LOW HITPOINT WARNING * * *
The gnoll hits you but does no damage. The gnoll hits you with a +0 whip.
* * * LOW HITPOINT WARNING * * *
Okay, then.
It was a potion of cancellation.
You feel magically purged. The ball python closely misses you.
The ball python constricts you.
A kobold comes into view. It is wielding a +0 club.
The gnoll barely misses you. The gnoll hits you with a +0 spear.
You die...

.)...#.##.##.........g..#
##.#...††<#..##.###.##g##
#.......###..##.# #g##.#
.....##.# #..##.# #.##.#
........# #...... ...g..
....#...###...... ... ..
#....##r.###.. .
..##.#.##g.#$#.#
.........hSgg....
####.....g.##.⌠.#
##.#.%..# K ......#.#
#......... #......$###
#.......# #........
#######


You could see 4 gnolls, a ball python, a kobold (wandering) and a rat.

Vanquished Creatures
  A gnoll (D:1)
  A dart slug (D:1)
  4 ball pythons (D:1)
  A bat (D:1)
  4 endoplasms (D:1)
  5 goblins (D:1)
  2 hobgoblins
  A quokka (D:2)
  2 frilled lizards (D:1)
  5 kobolds (D:1)
  2 rats (D:1)
28 creatures vanquished.

Notes
Turn   | Place    | Note
-------+----------+-------------------------------------------
     0 | D:1      | freelancePsychic the Djinni Shapeshifter began the quest
                  | for the Orb.
     0 | D:1      | Reached XP level 1. HP: 17/17 MP: 0/0
   116 | D:1      | Reached XP level 2. HP: 6/22 MP: 0/0
   444 | D:1      | Reached XP level 3. HP: 21/27 MP: 0/0
   444 | D:1      | Learned a level 1 spell: Shock
   812 | D:2      | Slain by a gnoll

Illustrated notes

Levels and vault maps discovered:
D:1:      roderic_dead_forest, layout_rooms
D:2:      layout_rooms, ebering_ecumenical_altar_box, minmay_statues_item,
          minmay_pentomino_u4, uniq_sigmund, uniq_robin

Skill      XL: |  1  2  3 |
---------------+----------+-----
Shapeshifting  | 3 |  3.0
Fighting       | |  1.8
Dodging        | |  2.1
Unarmed Combat | |  3.8

Action                     || total
---------------------------++-------
  Melee: Unarmed           ||    70
         Whip              ||     6
         Punch             ||     1
  Throw: Throwing net      ||     1
    Use: Potion            ||     1
 Armour: Animal skin       ||     4
         Ring mail         ||    43
  Dodge: Dodged            ||    38

Table legend: (Time is in decaauts)
 A = Elapsed time spent in this place.
 B = Non-inter-level travel time spent in this place.
 C = Inter-level travel time spent in this place.
 D = Time resting spent in this place.
 E = Time spent auto-exploring this place.
 F = Levels seen in this place.
 G = Mean time per level.
                   A        B        C        D        E       F      G
               +--------+--------+--------+--------+--------+-----+--------+
         Total |    808 |    753 |     55 |      0 |    538 |   2 |  404.0 |
       Dungeon |    808 |    753 |     55 |      0 |    538 |   2 |  404.0 |
               +--------+--------+--------+--------+--------+-----+--------+

Top non-repeatable levels by time:
     D:1: 744 daAuts
     D:2: 63 daAuts
